 Dungeon Crawl Stone Soup version 0.24-a0-169-g71aafec (console) character file.

Game seed: 973793105786033600

2534 Duffy the Blocker (level 9, -1/64 HPs)
             Began as a Formicid Fighter on Mar 7, 2019.
             Was a Priest of the Shining One.
             Succumbed to a green ugly thing's poison
             ... on level 7 of the Dungeon.
             The game lasted 00:07:23 (7775 turns).

Duffy the Blocker (Formicid Fighter)                Turns: 7775, Time: 00:07:23

Health: -1/64      AC: 13    Str: 25    XL:     9   Next: 85%
Magic:  9/9        EV:  7    Int: 11    God:    the Shining One [***...]
Gold:   665        SH: 12    Dex: 10    Spells: 8/8 levels left

rFire    . . .     SeeInvis +   a - +0 war axe
rCold    . . .     Gourm    .   c - +0 shield
rNeg     + . .     Faith    .   y - +0 plate armour
rPois    .         Spirit   .   (helmet unavailable)
rElec    .         Reflect  .   (no cloak)
rCorr    .         Harm     .   (no gloves)
MR       .....                  (no boots)
Stlth    ..........             (no amulet)
HPRegen  0.20/turn              (no ring)
MPRegen  0.11/turn              e - +4 ring of strength

@: lethally poisoned (-1 -> -15), glowing
A: permanent stasis, dig shafts and tunnels, four strong arms, antennae 3
a: Dig, Shaft Self, Divine Shield, Renounce Religion


You were on level 7 of the Dungeon.
You worshipped the Shining One.
The Shining One was most pleased with you.
You were not hungry.

You visited 2 branches of the dungeon, and saw 9 of its levels.
You also visited: Ossuary.

You collected 665 gold pieces.

Inventory:

Hand Weapons
 a - a +0 war axe (weapon)
 b - a +2 hand axe of venom
 l - a +0 blowgun
Missiles
 q - a throwing net (quivered)
 x - 7 curare-tipped needles
Armour
 c - a +0 shield (worn)
 y - a +0 plate armour (worn)
 G - a cursed +0 ring mail
Jewellery
 e - a +4 ring of strength (right hand)
 p - an uncursed ring of protection from cold
Wands
 n - a wand of flame (23)
 D - a wand of polymorph (5)
Scrolls
 h - a scroll of noise {unknown}
 i - 7 scrolls of remove curse
 j - 3 scrolls of magic mapping
 k - 3 scrolls of enchant armour
 o - 4 scrolls of fog
 s - a scroll of blinking {unknown}
 t - a scroll of random uselessness {unknown}
 u - 2 scrolls of fear {unknown}
 v - 3 scrolls of immolation
 F - a scroll of summoning {unknown}
Potions
 d - 3 potions of might
 g - 4 potions of curing
 r - 2 potions of ambrosia
 w - a potion of magic {unknown}
 z - a potion of brilliance {unknown}
 A - a potion of agility {unknown}
 B - a potion of heal wounds {unknown}
 C - a potion of flight {unknown}
 E - 4 potions of mutation
Comestibles
 f - 10 rations
 m - 7 chunks of flesh


   Skills:
 - Level 3.2 Fighting
 + Level 9.0 Axes
 + Level 7.5 Armour
 - Level 9.0 Shields


You had 8 spell levels left.
You didn't know any spells.
Your spell library contained the following spells:

 Spells                   Type           Power        Failure   Level  Hunger
 Magic Dart               Conj           #...         99%         1    ##.....
 Searing Ray              Conj           #.....       100%        2    ###....
 Dazzling Spray           Conj/Hex       #.....       100%        3    ####...
 Static Discharge         Conj/Air       #.......     100%        3    ####...
 Force Lance              Conj/Tloc      #.......     100%        4    #####..
 Fulminant Prism          Conj/Hex       #.........   100%        4    #####..
 Iskenderun's Mystic Bla  Conj           #.......     100%        4    #####..
 Summon Demon             Summ           #.........   100%        5    ######.
 Deflect Missiles         Chrm/Air       #.........   100%        6    #######
 Shadow Creatures         Summ           N/A          100%        6    #######


Dungeon Overview and Level Annotations

Branches:
Dungeon (8/15)             Temple (1/1) D:5
   Lair: D:8-11

Altars:
Ashenzari
Cheibriados
Dithmenos
Elyvilon
Fedhas
Gozag
Hepliaklqana
Kikubaaqudgha
Nemelex Xobeh
Okawaru
Qazlal
Ru
Sif Muna
Trog
Uskayaw
Vehumet
Wu Jian
Xom
Yredelemnul
Zin
The Shining One

Shops:
D:4 *


Innate Abilities, Weirdness & Mutations

You cannot be hasted, slowed, berserked, paralysed or teleported.
You can dig through walls and to a lower floor.
Your four strong arms can wield two-handed weapons with a shield.
You have a pair of large antennae on your head. (SInv)


Message History

The green ugly thing poisons you!
You slash the green ugly thing!
The green ugly thing is almost dead.
You feel sick.
The green ugly thing gores you but does no damage.
You hit the green ugly thing.
The green ugly thing is almost dead.
You feel sick.
The green ugly thing completely misses you.
You barely miss the green ugly thing.
The green ugly thing is almost dead.
You feel sick.
You block the green ugly thing's attack.
You hit the green ugly thing but do no damage.
The green ugly thing is almost dead.
You feel sick.
You block the green ugly thing's attack.
You hit the green ugly thing.
The green ugly thing is almost dead.
You die...

.###..### #..###.......#
.##.....## ##.## #.......#
.##.###..####..# #.^.....#
.#..# #.......#####.......#
...## #.##.######.........#
..## ##...........#.......#
...###............#...>...#
.#..............u..####.###
.................@># #.#
####..............%# #.#
####...............# #[#
#..................# #.#
...........<......## #.#
...................####.####
.#..#..###########.........#
#..###..## ###.......#
..##.#'..# ##......#


You could see a green ugly thing.

Vanquished Creatures
  Menkaure (D:7)
  A water moccasin (D:7)
  Duvessa (D:7)
  An orc warrior (D:5)
  A phantom (D:7)
  A black bear (D:7)
  A sky beast (D:7)
  A centaur (D:6)
  2 big kobolds
  3 bullfrogs (D:7)
  Dowan (D:7)
  2 scorpions
  3 wights (D:6)
  3 crimson imps
  A bullfrog zombie (D:7)
  A jelly (D:5)
  2 bullfrog skeletons
  3 orc priests
  4 hounds
  4 orc wizards
  An iguana (D:7)
  8 worker ants
  8 mummies (Ossuary)
  2 hound zombies
  A hound skeleton (D:7)
  A worker ant zombie (D:7)
  2 howler monkey zombies
  10 adders
  4 gnolls (D:6)
  A shadow imp (D:7)
  An adder zombie (D:6)
  An adder skeleton (D:4)
  3 worms
  A dart slug (D:4)
  3 leopard geckos
  28 orcs
  4 giant cockroaches
  A gnoll zombie (Ossuary)
  7 goblins
  11 hobgoblins
  2 jackals (D:2)
  7 kobolds
  8 quokkas
  2 ball pythons
  9 bats
  4 frilled lizards
  2 hobgoblin zombies (Ossuary)
  A jackal skeleton (D:5)
  3 kobold zombies (Ossuary)
  2 orc zombies (Ossuary)
  6 rats
181 creatures vanquished.

Notes
Turn   | Place    | Note
-------+----------+-------------------------------------------
     0 | D:1      | Duffy the Formicid Fighter began the quest for the Orb.
     0 | D:1      | Reached XP level 1. HP: 18/18 MP: 1/1
   322 | D:1      | Reached XP level 2. HP: 16/24 MP: 2/2
   921 | D:2      | Reached XP level 3. HP: 6/29 MP: 3/3
  1470 | D:2      | Reached XP level 4. HP: 35/35 MP: 4/4
  1692 | D:2      | Reached skill level 5 in Shields
  2380 | D:3      | Found an ornate altar of the Wu Jian Council.
  2445 | D:3      | Reached XP level 5. HP: 39/41 MP: 5/5
  2485 | D:3      | Found a faded altar of an unknown god.
  2871 | D:4      | Found Atzan's Lightly-Used Armoury.
  3046 | D:4      | Reached XP level 6. HP: 34/47 MP: 6/6
  3461 | D:4      | Identified Heiju's Tome of Companions and the Birds
  3628 | D:4      | Reached skill level 5 in Axes
  3628 | D:4      | Reached XP level 7. HP: 51/52 MP: 7/7
  4095 | D:5      | Entered Level 5 of the Dungeon
  4819 | D:5      | Found a staircase to the Ecumenical Temple.
  4864 | Temple   | Entered the Ecumenical Temple
  5100 | Temple   | Became a worshipper of the Shining One
  5537 | D:5      | Reached XP level 8. HP: 30/58 MP: 8/8
  6270 | D:6      | Reached * piety under the Shining One
  6512 | D:7      | Noticed Menkaure
  6516 | D:7      | Killed Menkaure
  6516 | D:7      | Reached XP level 9. HP: 29/64 MP: 9/9
  6527 | D:7      | Reached skill level 5 in Armour
  6568 | D:7      | Found a sand-covered staircase.
  6572 | Ossuary  | Entered an ossuary
  6703 | Ossuary  | Reached ** piety under the Shining One
  7266 | D:7      | Noticed Dowan
  7266 | D:7      | Noticed Duvessa
  7283 | D:7      | Killed Duvessa
  7298 | D:7      | Killed Dowan
  7472 | D:7      | Reached *** piety under the Shining One
  7734 | D:8      | Noticed a cyan ugly thing
  7773 | D:7      | HP: 2/64 [poisoned by a green ugly thing]
  7775 | D:7      | Succumbed to a green ugly thing's poison

Levels and vault maps discovered:
D:1:      scummos_arrival_gate, layout_loops_ring, minmay_indecisive_spiral
D:2:      layout_rooms, serial_corexii_hall, chequers_hall_statues_wall_a,
          corexii_hall_statues_i, guppyfry_early_orc_mine
D:3:      layout_basic, chequers_ecumenical_altar_island, lemuel_altar_in_water
D:4:      layout_basic, first_ration, minmay_shop_damaged
D:5:      layout_basic, minmay_temple_entry_statues_pillars
D:6:      layout_cave_pools
D:7:      layout_rooms, enter_ossuary_5, uniq_menkaure, uniq_duvessa
D:8:      layout_rooms, lightli_temple_of_fire, serial_shops, shop
Temple:   minmay_crystal_snake_temple
Ossuary:  ossuary_tomb_3

Skill      XL: |  1  2  3  4  5  6  7  8  9 |
---------------+----------------------------+-----
Shields        | 4 5 6 7 9 |  9.0
Axes           | 3 4 5 6 7 9 |  9.0
Armour         | 4 7 |  7.5
Fighting       | |  3.2

Action                   |  1- 3 |  4- 6 |  7- 9 || total
-------------------------+-------+-------+-------++-------
Melee: War axe           |    97 |   235 |   323 ||   655
       Hand axe          |       |       |    32 ||    32
 Abil: Dig               |     1 |       |     2 ||     3
Evoke: Wand              |       |       |     1 ||     1
  Use: Scroll            |       |       |    13 ||    13
       Potion            |       |       |     1 ||     1
  Eat: Chunk             |     2 |     7 |    11 ||    20
       Ration            |       |       |     1 ||     1
Armor: Chain mail        |    55 |   135 |    51 ||   241
       Plate armour      |       |       |    88 ||    88
Dodge: Dodged            |    20 |    73 |    75 ||   168
Block: Shield            |    50 |   147 |   197 ||   394

Table legend:
 A = Non-vault XP
 B = Vault XP
 C = Vault XP percentage of total XP
 D = Non-vault monster count
 E = Vault monster count
 F = Vault count percentage of total count
                 A         B        C        D         E       F
            +---------+---------+-------+---------+---------+-------
      Total |    3053 |     568 |  15.7 |     151 |      30 |  16.6
            +---------+---------+-------+---------+---------+-------
        D:1 |      17 |       6 |  26.1 |      10 |       4 |  28.6
        D:2 |      91 |      16 |  15.0 |      25 |       7 |  21.9
        D:3 |      35 |       0 |   0.0 |      14 |       0 |   0.0
        D:4 |     431 |       0 |   0.0 |      19 |       0 |   0.0
        D:5 |     443 |       0 |   0.0 |      25 |       0 |   0.0
        D:6 |     580 |       0 |   0.0 |      20 |       0 |   0.0
        D:7 |    1436 |     392 |  21.4 |      37 |       3 |   7.5
        D:8 |      20 |       0 |   0.0 |       1 |       0 |   0.0
    Ossuary |       0 |     154 | 100.0 |       0 |      16 | 100.0
            +---------+---------+-------+---------+---------+-------
